 Dungeon Crawl Stone Soup version 0.21-a0-338-g36cf2fc (webtiles) character file.

1544 Amnesiac the Digger (level 8, -1/58 HPs)
             Began as a Gnoll Earth Elementalist on Oct 3, 2017.
             Was an Initiate of Ashenzari.
             Engulfed by a cloud of flame (15 damage)
             ... on level 5 of the Dungeon.
             The game lasted 00:10:42 (4552 turns).

Amnesiac the Digger (Gnoll Earth Elementalist)      Turns: 4552, Time: 00:10:43

Health: -1/58      AC:  3    Str: 12    XL:     8   Next: 87%
Magic:  2/17       EV: 15    Int: 19    God:    Ashenzari [......]
Gold:   312        SH:  7    Dex: 15    Spells: 7/19 levels left

rFire    . . .     SeeInvis .   y - +2 dagger (protect)
rCold    + + .     Gourm    .   M - +2 buckler
rNeg     . . .     Faith    .   c - +0 robe
rPois    .         Spirit   .   K - +0 helmet
rElec    .         Reflect  .   L - scarf {rC+ rF+}
rCorr    .         Harm     .   (no gloves)
MR       .....                  (no boots)
Stlth    +++.......             (no amulet)
HPRegen  0.19/turn              j - ring of ice
MPRegen  0.15/turn              (no ring)

@: very slightly contaminated
A: distributed training, fangs 1, strong nose
a: Curse Item, Renounce Religion


You were on level 5 of the Dungeon.
You worshipped Ashenzari.
Ashenzari was noncommittal.
You were hungry.

You visited 2 branches of the dungeon, and saw 6 of its levels.

You collected 312 gold pieces.

Inventory:

Hand Weapons
 f - a +0 dagger of freezing
 u - a +0 blowgun
 y - a +2 dagger of protection (weapon)
Missiles
 b - 126 stones (quivered)
 v - 24 poisoned needles
Armour
 c - a +0 robe (worn)
 D - a +0 large shield
 G - the +2 hat of Tyade Seh {+Blink rPois MR- Str+4}
   (You found it on level 4 of the Dungeon)

   It affects your strength (+4).
   It protects you from poison.
   It affects your resistance to hostile enchantments.
   It lets you blink.
 K - a +0 helmet (worn)
 L - a scarf of resistance (worn)
 M - a +2 buckler (worn)
Jewellery
 j - a ring of ice (left hand)
 l - a cursed ring of teleportation
Wands
 H - a wand of acid (9/15)
 J - a wand of random effects (16/48)
Scrolls
 h - 3 scrolls of recharging {!r, unknown}
 i - 6 scrolls of identify {!r, unknown}
 k - a scroll of fear {!r, unknown}
 m - 4 scrolls of remove curse {!r}
 o - 5 scrolls of teleportation {!r, unknown}
 q - 2 scrolls of enchant weapon {!r, unknown}
 s - 5 scrolls of magic mapping {!r, unknown}
 t - a scroll of enchant armour {!r, unknown}
 x - 2 scrolls of blinking {!r, unknown}
 A - a scroll of amnesia {!r, unknown}
 C - a scroll of immolation {!r, unknown}
 I - a scroll of random uselessness {!r, unknown}
 N - a scroll of fog {!r, unknown}
Potions
 a - a potion of cancellation {!q, unknown}
 n - 2 potions of curing {!q, unknown}
 p - 2 potions of ambrosia {!q, unknown}
 z - a potion of brilliance {!q, unknown}
 B - 3 potions of heal wounds {!q, unknown}
 E - a potion of agility {!q, unknown}
 F - a potion of resistance {!q}
Books
 e - a book of Geomancy

   Spells                             Type                      Level
   a - Sandblast                      Earth                        1
   b - Passwall                       Transmutation/Earth          2
   c - Stone Arrow                    Conjuration/Earth            3
   d - Petrify                        Transmutation/Earth          4
   e - Lee's Rapid Deconstruction     Earth                        5
Comestibles
 d - 3 bread rations
 g - 14 fruits
 w - a meat ration


   Skills:
 + Level 3.5 Fighting
 + Level 3.5 Short Blades
 + Level 3.5 Long Blades
 + Level 3.5 Axes
 + Level 3.5 Maces & Flails
 + Level 3.5 Polearms
 + Level 3.5 Staves
 + Level 3.5 Slings
 + Level 3.5 Bows
 + Level 3.5 Crossbows
 + Level 3.5 Throwing
 + Level 3.5 Armour
 + Level 5.9 Dodging
 + Level 5.5 Stealth
   Level 0.0 Stabbing
 + Level 3.5 Shields
   Level 0.0 Traps
 + Level 3.5 Unarmed Combat
 + Level 6.2 Spellcasting
 + Level 3.5 Conjurations
 + Level 3.5 Hexes
 + Level 3.5 Charms
 + Level 3.5 Summonings
 + Level 3.5 Necromancy
 + Level 3.5 Translocations
 + Level 4.4 Transmutations
 + Level 3.5 Fire Magic
 + Level 3.5 Ice Magic
 + Level 3.5 Air Magic
 + Level 7.5 Earth Magic
 + Level 3.5 Poison Magic
 + Level 3.5 Invocations
 + Level 3.5 Evocations


You had 7 spell levels left.
You knew the following spells:

 Your Spells              Type           Power        Failure   Level  Hunger
a - Sandblast             Erth           ####..       1%          1    None
b - Passwall              Tmut/Erth      ####......   1%          2    None
d - Lee's Rapid Deconstr  Erth           ####......   14%         5    #####..
e - Petrify               Tmut/Erth      ####....     10%         4    ####...


Dungeon Overview and Level Annotations

Branches:
Dungeon (5/15)             Temple (1/1) D:5

Altars:
Ashenzari
Elyvilon
Fedhas
Gozag
Hepliaklqana
Kikubaaqudgha
Nemelex Xobeh
Qazlal
Ru
Sif Muna
Trog
Uskayaw
Vehumet
Wu Jian
Xom
Yredelemnul
Jiyva

Annotations:
D:5 1 transporter


Innate Abilities, Weirdness & Mutations

Your experience applies equally to all skills.
You have very sharp teeth.
Your uncanny sense of smell can sniff out nearby items.


Message History

What are your orders? t - Bark!
Orders for allies: a - Attack new target. r - Retreat! s - Stop attacking. g - Guard the area. f - Follow me.
Anything else - Cancel.
You bark for attention!
Casting: Lee's Rapid Deconstruction
Confirm with . or Enter, or press ? or * to list all spells.
Aiming: Lee's Rapid Deconstruction
Press: ? - help, Dir - move target cursor You miscast Lee's Rapid Deconstruction.
You are very lightly contaminated with residual magic.
You are showered with tiny particles of grit.
Unknown command.
Casting: Lee's Rapid Deconstruction
Confirm with . or Enter, or press ? or * to list all spells.
Aiming: Lee's Rapid Deconstruction
Press: ? - help, Dir - move target cursor The wall shatters!
The blast of rock fragments hits the fire bat.
You kill the fire bat!
You are feeling hungry.
You open the large door.
A fire bat comes into view.
You block the fire bat's attack.
You closely miss the fire bat.
You bite the fire bat, but do no damage.
You block the fire bat's attack. You block the fire bat's attack.
Casting: Lee's Rapid Deconstruction
Confirm with . or Enter, or press ? or * to list all spells.
Aiming: Sandblast
Press: ? - help, Shift-Dir - straight line, f - fire bat
Aim: a fire bat The blast of sand hits the fire bat.
The fire bat is heavily wounded.
b - 128 stones You block the fire bat's attack.
The fire bat bites you.
You are engulfed in flames.
Casting: Sandblast
Confirm with . or Enter, or press ? or * to list all spells.
Aiming: Sandblast
Press: ? - help, Shift-Dir - straight line, f/p - fire bat
Aim: a fire bat (heavily wounded)
The blast of sand hits the fire bat.
The fire bat is almost dead.
b - 127 stones You block the fire bat's attack.
The fire bat barely misses you.
Casting: Sandblast
Confirm with . or Enter, or press ? or * to list all spells.
Aiming: Sandblast
Press: ? - help, Shift-Dir - straight line, f/p - fire bat
Aim: a fire bat (flame, severely wounded)
The blast of sand hits the fire bat.
You kill the fire bat!
b - 126 stones Unknown command.
Really walk into a travel-excluded area?
You are engulfed in blazing flames.
You are engulfed in blazing flames.
* * * LOW HITPOINT WARNING * * *
You are engulfed in blazing flames.
You die...

..≈≈≈..'##.#§.§§§§§##...........#
.P.......'.#§§§§§§§##...........#
.##...[..#.#§§#©#§§##..^........#
.#####...#.#§§...§§#..######+####
....##...###§§#.#§§#..#......<.##
#....#.....#§....§§#..#........##
#....#....####§§§####.#..........
#....'....#§§§§§§§.§#.#.......)§.
.§...#....#§§§§§@§§§#.#......)§.P
PPP§§#....#.§....§§§#.#.(..§.§P§§
§§§§###..##§§§$($§§§#.#....§.§P§§
PP§P###..##§§§[©)§§§#.######+#.§P
PP§§§.....###########.........§§§
.§§§§§§§§§.....©....#............
#.§..P.§§...........#............
#.§§.P§P............#.^.......88.
#....§§§§###...##...#.<..........


There were no monsters in sight!

Vanquished Creatures
  2 fire bats (D:5)
  The ghost of p0werm0de the Chiller, an amateur OpIE (D:3)
  2 ogres
  A centaur (D:5)
  A water moccasin zombie (D:5)
  A crimson imp (D:3)
  A howler monkey (D:5)
  2 bullfrog zombies (D:5)
  A centaur zombie (D:5)
  3 orc priests
  A jelly (D:5)
  A bullfrog skeleton (D:5)
  3 worker ants
  6 orc wizards
  2 killer bee zombies (D:5)
  2 hound skeletons
  4 worker ant zombies (D:5)
  3 adders
  3 shadow imps
  3 adder skeletons
  2 adder zombies (D:5)
  4 worms
  2 dart slugs (D:1)
  4 leopard geckos
  22 orcs
  A giant cockroach (D:2)
  5 hobgoblins
  3 quokkas
  A ball python (D:3)
  11 bats
  2 frilled lizards (D:1)
  A giant cockroach zombie (D:5)
  11 goblins
  A jackal skeleton (D:4)
  5 kobolds
  2 leopard gecko zombies (D:5)
  A quokka skeleton (D:5)
  10 rats
131 creatures vanquished.

Notes
Turn   | Place    | Note
-------+----------+-------------------------------------------
     0 | D:1      | Amnesiac the Gnoll Earth Elementalist began the quest for the Orb.
     0 | D:1      | Reached XP level 1. HP: 13/13 MP: 6/6
   114 | D:1      | Reached XP level 2. HP: 11/19 MP: 5/7
   138 | D:1      | Learned a level 2 spell: Passwall
   600 | D:1      | Reached XP level 3. HP: 23/25 MP: 9/9
   624 | D:1      | Reached skill level 5 in Spellcasting
  1519 | D:2      | Found a basalt altar of Yredelemnul.
  1599 | D:3      | Reached skill level 1 in Fighting
  1599 | D:3      | Reached skill level 1 in Short Blades
  1599 | D:3      | Reached skill level 1 in Long Blades
  1599 | D:3      | Reached skill level 1 in Axes
  1599 | D:3      | Reached skill level 1 in Maces & Flails
  1599 | D:3      | Reached skill level 1 in Polearms
  1599 | D:3      | Reached skill level 1 in Staves
  1599 | D:3      | Reached skill level 1 in Slings
  1599 | D:3      | Reached skill level 1 in Bows
  1599 | D:3      | Reached skill level 1 in Crossbows
  1599 | D:3      | Reached skill level 1 in Throwing
  1599 | D:3      | Reached skill level 1 in Armour
  1599 | D:3      | Reached skill level 1 in Shields
  1599 | D:3      | Reached skill level 1 in Unarmed Combat
  1599 | D:3      | Reached skill level 1 in Conjurations
  1599 | D:3      | Reached skill level 1 in Hexes
  1599 | D:3      | Reached skill level 1 in Charms
  1599 | D:3      | Reached skill level 1 in Summonings
  1599 | D:3      | Reached skill level 1 in Necromancy
  1599 | D:3      | Reached skill level 1 in Translocations
  1599 | D:3      | Reached skill level 1 in Fire Magic
  1599 | D:3      | Reached skill level 1 in Ice Magic
  1599 | D:3      | Reached skill level 1 in Air Magic
  1599 | D:3      | Reached skill level 1 in Poison Magic
  1599 | D:3      | Reached skill level 1 in Invocations
  1599 | D:3      | Reached skill level 1 in Evocations
  1599 | D:3      | Reached XP level 4. HP: 32/32 MP: 8/11
  1605 | D:3      | Learned a level 4 spell: Petrify
  1611 | D:3      | Found a faded altar of an unknown god.
  1656 | D:3      | Noticed p0werm0de's ghost (amateur OpIE)
  1973 | D:3      | Killed p0werm0de's ghost
  1973 | D:3      | Reached XP level 5. HP: 14/37 MP: 3/12
  1980 | D:3      | Learned a level 5 spell: Lee's Rapid Deconstruction
  2083 | D:3      | Reached XP level 6. HP: 32/44 MP: 11/13
  2281 | D:3      | Reached skill level 5 in Dodging
  2654 | D:4      | Reached XP level 7. HP: 42/50 MP: 8/15
  2722 | D:4      | Reached skill level 7 in Earth Magic
  2886 | D:4      | Found a shimmering altar of Xom.
  3018 | D:4      | Found a bloodstained altar of Trog.
  3056 | D:4      | Got a dazzling hat
  3148 | D:4      | Found a hazy altar of Hepliaklqana.
  3148 | D:4      | Found a white marble altar of Elyvilon.
  3160 | D:4      | Found a sparkling altar of Nemelex Xobeh.
  3162 | D:4      | Found a sacrificial altar of Ru.
  3163 | D:4      | Found an ornate altar of the Wu Jian Council.
  3433 | D:5      | Entered Level 5 of the Dungeon
  3503 | D:5      | Reached skill level 5 in Stealth
  3537 | D:5      | Reached XP level 8. HP: 57/57 MP: 9/16
  3612 | D:5      | Found a staircase to the Ecumenical Temple.
  3627 | Temple   | Entered the Ecumenical Temple
  3641 | Temple   | Became a worshipper of Ashenzari the Shackled
  3979 | D:5      | Found a transporter.
  4006 | D:5      | Found a transporter.
  4284 | D:5      | Identified the +2 hat of Tyade Seh {+Blink rPois MR- Str+4} (You found it on level 4 of the Dungeon)
  4552 | D:5      | Engulfed by a cloud of flame

Vault maps used:
D:1:      giann_wishing_wells
D:2:      yredelemnul_altar_generic, corexii_corridor_pit
D:3:      chequers_ecumenical_altar_simple
D:4:      xom_teletrap_fun, chequers_temple_overflow_minitemple, first_bread,
          bloody_trog
D:5:      gammafunk_cloud_chamber, temple_statues, serial_undead,
          serial_undead_a, serial_undead_b, serial_undead_b, serial_undead_e,
          serial_undead_f, serial_undead_b, serial_undead_f, serial_undead_c,
          serial_undead_b, serial_undead_c, feat_on_display
Temple:   pf_slimified_temple

Skill      XL: |  1  2  3  4  5  6  7  8 |
---------------+-------------------------+-----
Spellcasting   | 5 6 |  6.2
Fighting       | 1 2 3 |  3.5
Short Blades   | 1 2 3 |  3.5
Long Blades    | 1 2 3 |  3.5
Axes           | 1 2 3 |  3.5
Maces & Flails | 1 2 3 |  3.5
Polearms       | 1 2 3 |  3.5
Staves         | 1 2 3 |  3.5
Slings         | 1 2 3 |  3.5
Bows           | 1 2 3 |  3.5
Crossbows      | 1 2 3 |  3.5
Throwing       | 1 2 3 |  3.5
Armour         | 1 2 3 |  3.5
Shields        | 1 2 3 |  3.5
Unarmed Combat | 1 2 3 |  3.5
Conjurations   | 1 2 3 |  3.5
Hexes          | 1 2 3 |  3.5
Charms         | 1 2 3 |  3.5
Summonings     | 1 2 3 |  3.5
Necromancy     | 1 2 3 |  3.5
Translocations | 1 2 3 |  3.5
Fire Magic     | 1 2 3 |  3.5
Ice Magic      | 1 2 3 |  3.5
Air Magic      | 1 2 3 |  3.5
Poison Magic   | 1 2 3 |  3.5
Invocations    | 1 2 3 |  3.5
Evocations     | 1 2 3 |  3.5
Transmutations | 3 4 |  4.4
Dodging        | 5 |  5.9
Earth Magic    | 7 |  7.5
Stealth        | 5 |  5.5

Action                   |  1- 3 |  4- 6 |  7- 9 || total
-------------------------+-------+-------+-------++-------
Melee: Dagger            |    58 |    16 |    86 ||   160
       Bite              |     5 |       |    10 ||    15
 Cast: Sandblast         |     7 |    54 |    51 ||   112
       Passwall          |    17 |     5 |    13 ||    35
       Petrify           |       |     4 |     7 ||    11
       Lee's Rapid Decon |       |       |     3 ||     3
 Stab: Sleeping          |    22 |     5 |    17 ||    44
       Petrified         |       |     5 |     9 ||    14
       Petrifying        |       |     1 |     3 ||     4
  Eat: Chunk             |     2 |     4 |     6 ||    12
       Royal jelly       |       |       |     1 ||     1
Armor: Robe              |     5 |     2 |    17 ||    24
Dodge: Dodged            |    22 |    17 |    76 ||   115
Block: Buckler           |       |       |     5 ||     5

Table legend:
 A = Spawn XP
 B = Non-spawn XP
 C = Spawn XP percentage of total XP
 D = Spawn monster count
 E = Non-spawn monster count
 F = Spawn count percentage of total count
 G = Total turns spent on level
                    A         B        C        D         E        F      G
               +---------+---------+-------+---------+---------+-------+---------
         Total |       0 |    2207 |   0.0 |       0 |     131 |   0.0 |  4552
               +---------+---------+-------+---------+---------+-------+---------
           D:1 |       0 |      48 |   0.0 |       0 |      29 |   0.0 |   897
           D:2 |       0 |      40 |   0.0 |       0 |      13 |   0.0 |   976
           D:3 |       0 |     391 |   0.0 |       0 |      27 |   0.0 |   597
           D:4 |       0 |     448 |   0.0 |       0 |      26 |   0.0 |   963
           D:5 |       0 |    1280 |   0.0 |       0 |      36 |   0.0 |  1017
               +---------+---------+-------+---------+---------+-------+---------
